 Dungeon Crawl Stone Soup version 0.29-a0-369-gd956c00756 (webtiles) character file.

Game seed: 2847164304566879461

131906 croobank the Covert (level 17, 0/204 HPs)
             Began as a Gnoll Delver on May 1, 2022.
             Was an Initiate of Gozag.
             Slain by a naga
             ... wielding a +0 trident
              (8 damage)
             ... on level 2 of the Snake Pit on May 2, 2022.
             The game lasted 02:48:58 (41731 turns).

croobank the Covert (Gnoll Delver)                 Turns: 41731, Time: 02:49:10

Health: 0/204      AC: 21    Str: 14    XL:     17   Next: 11%
Magic:  32/32      EV: 11    Int: 14    God:    Gozag
Gold:   6510       SH:  5    Dex: 15    Spells: 18/38 levels left

rFire   . . .      SeeInvis .   a - +9 battleaxe (freeze)
rCold   + . .      Faith    .   (shield currently unavailable)
rNeg    . . .      Spirit   .   A - +2 ice dragon scales
rPois   +          Reflect  +   z - +0 helmet
rElec   .          Harm     .   E - scarf {repulsion}
rCorr   .          Rampage  .   R - +0 pair of gloves
Will    +....                   l - +1 pair of boots
Stlth   ..........              S - amulet of reflection
HPRegen 0.44/turn               J - ring of poison resistance
MPRegen 0.23/turn               T - ring of fire

@: berserking, silenced, gold aura, constricted, bribing [the Snake Pit], repel
missiles, very quick
A: fangs 1, strong nose, distributed training
a: Renounce Religion


You were on level 2 of the Snake Pit.
You worshipped Gozag.
Gozag was greatly pleased with you.
You visited 5 branches of the dungeon, and saw 26 of its levels.
You visited the Abyss 1 time.
You also visited: Bailey and Ice Cave.

You collected 10129 gold pieces.
You spent 509 gold pieces at shops.
You paid 3110 gold pieces to Gozag.

Inventory:

Hand Weapons
 a - a +9 battleaxe of freezing (weapon)
 d - the +8 flail of Wogiefer {vorpal, Dex+2 Stlth+}
   (You found it on level 14 of the Dungeon)

   It inflicts extra damage upon your enemies.
   Dex:       It affects your dexterity (+2).
   Stlth:     It makes you more stealthy.
 u - a +3 great mace of draining
 x - a +4 dire flail of holy wrath
 L - the +12 hand axe of Propriety {vorpal, rF+ rC- rCorr}
   (You found it on level 1 of the Lair of Beasts)

   It inflicts extra damage upon your enemies.
   rF:        It protects you from fire.
   rC:        It makes you vulnerable to cold.
   rCorr:     It protects you from acid and corrosion.
 O - the +8 rapier of Okawaru's Pride {vorpal, rElec rF+ Will+}
   (You found it in a bailey)

   It inflicts extra damage upon your enemies.
   rF:        It protects you from fire.
   rElec:     It insulates you from electricity.
   Will:      It increases your willpower.
 Q - the +12 pair of quick blades "Gyre" and "Gimble" {protect}
   (You found it on level 9 of the Dungeon)

   It grants its wielder temporary protection when it strikes (+7 to AC).
 V - the +12 flail of Eternal War {vorpal, Fragile rElec rPois Str+2}
   (You found it on level 6 of the Lair of Beasts)

   It inflicts extra damage upon your enemies.
   Str:       It affects your strength (+2).
   rElec:     It insulates you from electricity.
   rPois:     It protects you from poison.
   Fragile:   It will be destroyed if unequipped.
Missiles
 b - 6 boomerangs of dispersal
 B - 11 silver boomerangs (quivered)
 H - 10 atropa-tipped darts
 P - a curare-tipped dart
Armour
 j - a +4 chain mail
 l - a +1 pair of boots (worn)
 z - a +0 helmet (worn)
 A - +2 ice dragon scales (worn)
 E - a scarf of repulsion (worn)
 R - a +0 pair of gloves (worn)
 X - a +1 plate armour of willpower
Jewellery
 h - a ring of wizardry
 i - a ring of positive energy
 v - a ring of see invisible
 D - a ring of magical power
 F - a +4 ring of evasion
 G - a ring of flight
 I - a ring of protection from cold
 J - a ring of poison resistance (left hand)
 N - a +4 ring of slaying
 S - an amulet of reflection (around neck)
 T - a ring of fire (right hand)
Wands
 f - a wand of polymorph (7)
 g - a wand of digging (10)
 m - a wand of mindburst (4)
 t - a wand of iceblast (18)
 C - a wand of paralysis (6)
 W - a wand of acid (12)
 Z - a wand of flame (18)
Scrolls
 c - 11 scrolls of identify
 e - 7 scrolls of holy word
 k - a scroll of blinking
 s - a scroll of fear
 y - a scroll of silence
 K - 7 scrolls of teleportation
 Y - a scroll of fog
Potions
 n - a potion of haste
 o - a potion of cancellation
 p - a potion of invisibility
 r - 4 potions of brilliance
 w - 5 potions of flight
 M - 15 potions of curing
 U - 7 potions of ambrosia


   Skills:
 + Level 13.0 Fighting
 + Level 11.4 Short Blades
 + Level 11.4 Long Blades
 + Level 12.3 Axes
 + Level 11.4 Maces & Flails
 + Level 11.4 Polearms
 + Level 11.4 Staves
 + Level 11.4 Slings
 + Level 11.4 Bows
 + Level 11.4 Crossbows
 + Level 11.4 Throwing
 + Level 11.4 Armour
 + Level 12.3 Dodging
 + Level 14.6 Stealth
 + Level 11.4 Shields
 + Level 11.4 Unarmed Combat
 + Level 11.4 Spellcasting
 + Level 9.6 Conjurations
 + Level 9.6 Hexes
 + Level 9.6 Summonings
 + Level 9.6 Necromancy
 + Level 9.6 Translocations
 + Level 9.6 Transmutations
 + Level 9.6 Fire Magic
 + Level 9.6 Ice Magic
 + Level 9.6 Air Magic
 + Level 9.6 Earth Magic
 + Level 9.6 Poison Magic
 + Level 12.4 Invocations
 + Level 11.4 Evocations


You had 18 spell levels left.
You knew the following spells:

 Your Spells              Type           Power      Damage    Failure   Level
a - Frozen Ramparts       Ice            70%        1d9       1%          3
b - Olgreb's Toxic Radia  Pois           35%        N/A       7%          4
c - Summon Ice Beast      Ice/Summ       35%        N/A       7%          4
d - Petrify               Tmut/Erth      35%        N/A       7%          4
e - Irradiate             Conj/Tmut      17%        3d19      19%         5

Your spell library contained the following spells:

 Spells                   Type           Power      Damage    Failure   Level
 Sandblast                Erth           70%        2d15      1%          1
 Sublimation of Blood     Necr           35%        N/A       1%          2
 Call Canine Familiar     Summ           35%        N/A       1%          3
 Gell's Gravitas          Tloc           35%        N/A       1%          3
 Lesser Beckoning         Tloc           35%        N/A       1%          3
 Ozocubu's Armour         Ice            35%        N/A       1%          3
 Portal Projectile        Hex/Tloc       70%        N/A       1%          3
 Teleport Other           Tloc           35%        N/A       1%          3
 Animate Armour           Summ/Erth      70%        N/A       7%          4
 Ice Form                 Ice/Tmut       35%        N/A       7%          4
 Leda's Liquefaction      Hex/Erth       17%        N/A       7%          4
 Blade Hands              Tmut           17%        N/A       19%         5
 Freezing Cloud           Conj/Ice/Air   17%        6-21      19%         5
 Iron Shot                Conj/Erth      17%        9d4       71%         6
 Simulacrum               Ice/Necr       17%        N/A       71%         6
 Ozocubu's Refrigeration  Ice            17%        4d8       99%         7
 Ignition                 Fire           25%        3d9       100%        8
 Polar Vortex             Ice            17%        N/A       100%        9


Dungeon Overview and Level Annotations

Branches:
Dungeon (15/15)            Temple (1/1) D:7            Lair (6/6) D:11
  Swamp (0/4) Lair:3        Snake (2/4) Lair:4        Slime (0/5) Lair:5
    Orc (2/2) D:11            Elf (0/3) Orc:2        Vaults (0/5) D:13
 Depths (0/4) D:15         Bailey (visited)           IceCv (visited)

Altars:
Ashenzari
Cheibriados
Dithmenos
Elyvilon
Fedhas
Gozag
Hepliaklqana
Kikubaaqudgha
Makhleb
Nemelex Xobeh
Okawaru
Qazlal
Ru
Sif Muna
Trog
Uskayaw
Vehumet
Wu Jian
Xom
Yredelemnul
Zin
The Shining One
Beogh
Jiyva

Shops:
Orc:1 ?   Orc:2 ?(:?

Annotations:
D:12 3 runed translucent doors


Innate Abilities, Weirdness & Mutations

You have very sharp teeth.
Your uncanny sense of smell can sniff out nearby items.
Your experience applies equally to all skills.


Message History

You slash the guardian serpent! You freeze the guardian serpent.
The guardian serpent is almost dead.
You barely miss the naga. You slash the salamander! You freeze the salamander.
You feel sick. The guardian serpent hits you!
The salamander hits you with a +0 trident.
You are engulfed in flames!
* * * LOW HITPOINT WARNING * * *
The naga barely misses you. The naga misses you. The naga closely misses you.
The naga warrior hits you from afar with a +0 trident!!
* * * LOW HITPOINT WARNING * * *
Okay, then.
Okay, then.
Okay, then.
Okay, then.
A red film seems to cover your vision as you go berserk!
You feel yourself moving faster!
You feel mighty!
You feel sick.
You are no longer poisoned.
The guardian serpent misses you.
The salamander hits you with a +0 trident.
* * * LOW HITPOINT WARNING * * *
You are engulfed in flames!
* * * LOW HITPOINT WARNING * * *
You block the guardian serpent's attack.
You block the naga's attack. You block the naga warrior's attack.
You slash the guardian serpent! You freeze the guardian serpent.
You kill the guardian serpent!
You closely miss the naga. You hit the salamander. You freeze the salamander.
The salamander hits you but does no damage.
You slash the salamander! You freeze the salamander.
You kill the salamander!
You closely miss the naga. The naga closely misses you.
You block the naga warrior's attack. The naga hits you but does no damage.
The naga grabs you. The naga constricts you.
You slash the naga! You freeze the naga.
The naga is almost dead.
The naga barely misses you.
The naga warrior hits you but does no damage.
The naga hits you with a +0 trident!
You die...
Your body crumbles into a pile of gold.

####### .......
.## #####.. ..#
#.# #.##
##..#####
#...#../#
#.$.....#
#$@$#...# ###N..#
##.NN.# #####
###.....#
#...#####.....###
#...#.........#
#......##....##
##......#######
#.......#


You could see a naga warrior and 2 nagas.

Vanquished Creatures
  Aizul (Snake:2)
  2 ettins
  A yaktaur captain (D:14)
  6 hydras
  8 vault guards (D:13)
  An anaconda (Snake:1)
  5 boulder beetles
  6 catoblepae
  2 two-headed ogres
  A naga warrior (Snake:1)
  11 centaur warriors
  4 orc high priests (Orc:2)
  12 death yaks
  Urug (D:13)
  5 naga sharpshooters
  A skeletal warrior (D:14)
  A goliath frog (shapeshifter) (D:14)
  A deep troll (D:15)
  4 wizards
  A lindwurm (Orc:2)
  3 deep elf pyromancers (D:14)
  3 orc knights
  8 ugly things
  4 mana vipers (Snake:2)
  3 orc sorcerers
  9 cyclopes
  8 manticores
  16 elephants
  2 ice statues (IceCv)
  4 guardian serpents
  8 naga magi
  14 black mambas
  7 salamanders
  A torpor snail (Lair:5)
  An unseen horror (D:9)
  13 cane toads
  2 gargoyles
  7 rime drakes
  A freezing wraith (D:14)
  13 komodo dragons
  7 trolls
  3 meliai (D:14)
  2 polar bears
  2 meliai (shapeshifter)
  2 hornets (D:10)
  44 blink frogs
  A queen bee (D:14)
  A nameless horror (Lair:4)
  A hornet (shapeshifter) (D:14)
  10 dream sheep
  A slime creature (D:14)
  5 wyverns
  3 centaur simulacra (D:14)
  A culicivora (shapeshifter) (D:14)
  A dire elephant simulacrum (IceCv)
  72 yaks
  2 shadows
  3 water elementals (D:14)
  A vampire (D:12)
  3 wraiths
  6 basilisks
  A steam dragon (D:9)
  10 vampire mosquitoes
  A death yak simulacrum (IceCv)
  2 wargs (Orc:1)
  14 nagas
  Edmund (D:4)
  12 water moccasins
  A meliai simulacrum (D:14)
  A sky beast (D:8)
  A swamp drake (D:11)
  An ice beast (D:6)
  29 orc warriors
  6 ogres
  28 wolves
  3 black bears
  A boggart (D:14)
  20 centaurs
  11 kobold brigands
  9 bullfrogs
  2 gnoll sergeants
  3 scorpions
  2 necrophages
  13 wights
  An elephant simulacrum (IceCv)
  25 killer bees
  5 electric eels
  6 howler monkeys
  5 hounds
  6 jellies
  21 orc priests
  2 gnoll shamans (D:8)
  2 iguanas
  Terence (D:2)
  16 orc wizards
  A wolf simulacrum (IceCv)
  Robin (D:4)
  20 gnolls
  10 adders
  15 white imps
  2 ufetubi
  2 dart slugs
  77 orcs
  6 bats
  7 endoplasms
  3 giant cockroaches
  18 goblins
  12 hobgoblins
  3 jackals (D:3)
  4 quokkas
  8 ball pythons
  A frilled lizard (D:1)
  32 kobolds
  2 rats
858 creatures vanquished.

Vanquished Creatures (collateral kills)
  An orc knight (Orc:2)
  2 black mambas (Snake:1)
  An orc warrior (Orc:2)
  An orc wizard (Orc:2)
  2 orcs (Orc:2)
7 creatures vanquished.

Vanquished Creatures (others)
  34 fungi
  167 plants
201 creatures vanquished.

Grand Total: 1066 creatures vanquished

Notes
Turn   | Place    | Note
-------+----------+-------------------------------------------
     0 | D:5      | Reached skill level 9 in Stealth
     0 | D:5      | croobank the Gnoll Delver began the quest for the Orb.
     0 | D:5      | Reached XP level 1. HP: 23/23 MP: 1/1
    15 | D:5      | Noticed a hound
    61 | D:5      | Noticed an ogre
    93 | D:4      | Noticed an orc priest
   399 | D:3      | Reached XP level 2. HP: 25/29 MP: 2/2
   650 | D:2      | Noticed an ogre
   799 | D:2      | Reached XP level 3. HP: 14/35 MP: 3/3
  1287 | D:2      | Reached skill level 1 in Invocations
  1539 | D:1      | Reached skill level 1 in Short Blades
  1539 | D:1      | Reached skill level 1 in Long Blades
  1539 | D:1      | Reached skill level 1 in Maces & Flails
  1539 | D:1      | Reached skill level 1 in Polearms
  1539 | D:1      | Reached skill level 1 in Staves
  1539 | D:1      | Reached skill level 1 in Slings
  1539 | D:1      | Reached skill level 1 in Bows
  1539 | D:1      | Reached skill level 1 in Crossbows
  1539 | D:1      | Reached skill level 1 in Throwing
  1539 | D:1      | Reached skill level 1 in Armour
  1539 | D:1      | Reached skill level 1 in Shields
  1539 | D:1      | Reached skill level 1 in Unarmed Combat
  1539 | D:1      | Reached skill level 1 in Spellcasting
  1539 | D:1      | Reached skill level 1 in Evocations
  1666 | D:1      | Reached XP level 4. HP: 41/41 MP: 5/5
  2015 | D:2      | Learned a level 3 spell: Frozen Ramparts
  2068 | D:2      | Noticed Terence
  2090 | D:2      | Killed Terence
  2091 | D:2      | Reached skill level 1 in Conjurations
  2091 | D:2      | Reached skill level 1 in Hexes
  2091 | D:2      | Reached skill level 1 in Summonings
  2091 | D:2      | Reached skill level 1 in Necromancy
  2091 | D:2      | Reached skill level 1 in Translocations
  2091 | D:2      | Reached skill level 1 in Transmutations
  2091 | D:2      | Reached skill level 1 in Fire Magic
  2091 | D:2      | Reached skill level 1 in Ice Magic
  2091 | D:2      | Reached skill level 1 in Air Magic
  2091 | D:2      | Reached skill level 1 in Earth Magic
  2091 | D:2      | Reached skill level 1 in Poison Magic
  2455 | D:2      | Found a faded altar of an unknown god.
  2520 | D:2      | Killed an ogre
  2521 | D:2      | Reached XP level 5. HP: 11/47 MP: 5/7
  3574 | D:3      | Found a shimmering blue altar of Sif Muna.
  3581 | D:3      | Reached XP level 6. HP: 30/53 MP: 8/8
  3850 | D:3      | Got Sif Muna's Catalogue of Clay
  3855 | D:3      | Found a bloodstained altar of Trog.
  4606 | D:4      | Reached skill level 5 in Axes
  4606 | D:4      | Reached skill level 5 in Dodging
  4802 | D:4      | Found a sparkling altar of Nemelex Xobeh.
  4829 | D:4      | Noticed Edmund
  5757 | D:4      | Noticed Robin
  5766 | D:4      | Killed Robin
  5779 | D:4      | Reached XP level 7. HP: 50/59 MP: 10/10
  6041 | D:4      | Killed Edmund
  6689 | D:5      | HP: 3/60 [poisoned by a kobold brigand]
  6690 | D:4      | HP: 1/60 [poisoned by a kobold brigand]
  6962 | D:4      | Reached skill level 10 in Stealth
  7118 | D:5      | Reached XP level 8. HP: 67/67 MP: 12/12
  7666 | D:6      | Found a shadowy altar of Dithmenos.
  8907 | D:6      | Reached XP level 9. HP: 51/71 MP: 14/14
  9460 | D:7      | Found a staircase to the Ecumenical Temple.
  9477 | Temple   | Entered the Ecumenical Temple
  9527 | Temple   | Became a worshipper of Gozag Ym Sagoz the Greedy
  9667 | D:7      | Noticed a manticore
  9674 | D:7      | Killed a manticore
  9897 | D:7      | Noticed a two-headed ogre
  9912 | D:7      | Killed a two-headed ogre
  9913 | D:7      | Reached skill level 5 in Invocations
 10110 | D:7      | Noticed a troll
 10120 | D:7      | Killed a troll
 10189 | D:7      | Reached XP level 10. HP: 77/80 MP: 17/17
 10425 | D:7      | Reached skill level 5 in Short Blades
 10425 | D:7      | Reached skill level 5 in Long Blades
 10425 | D:7      | Reached skill level 5 in Maces & Flails
 10425 | D:7      | Reached skill level 5 in Polearms
 10425 | D:7      | Reached skill level 5 in Staves
 10425 | D:7      | Reached skill level 5 in Slings
 10425 | D:7      | Reached skill level 5 in Bows
 10425 | D:7      | Reached skill level 5 in Crossbows
 10425 | D:7      | Reached skill level 5 in Throwing
 10425 | D:7      | Reached skill level 5 in Armour
 10425 | D:7      | Reached skill level 5 in Shields
 10425 | D:7      | Reached skill level 5 in Unarmed Combat
 10425 | D:7      | Reached skill level 5 in Spellcasting
 10425 | D:7      | Reached skill level 5 in Evocations
 10691 | D:8      | Found a flagged portal.
 10707 | Bailey   | Entered a bailey
 11152 | Bailey   | Identified the +8 rapier of Okawaru's Pride {vorpal, rElec
                  | rF+ Will+}
 11428 | Bailey   | Found an iron altar of Okawaru.
 11747 | D:8      | Reached skill level 11 in Stealth
 13635 | D:8      | Found a sacrificial altar of Ru.
 13885 | D:9      | Killed an unseen horror
 14659 | D:9      | Found the +12 pair of quick blades "Gyre" and "Gimble"
                  | {protect}
 14674 | D:9      | Reached XP level 11. HP: 53/85 MP: 19/19
 15124 | D:9      | Found an ancient bone altar of Kikubaaqudgha.
 15555 | D:10     | Entered Level 10 of the Dungeon
 15778 | D:10     | Reached skill level 5 in Conjurations
 15778 | D:10     | Reached skill level 5 in Hexes
 15778 | D:10     | Reached skill level 5 in Summonings
 15778 | D:10     | Reached skill level 5 in Necromancy
 15778 | D:10     | Reached skill level 5 in Translocations
 15778 | D:10     | Reached skill level 5 in Transmutations
 15778 | D:10     | Reached skill level 5 in Fire Magic
 15778 | D:10     | Reached skill level 5 in Ice Magic
 15778 | D:10     | Reached skill level 5 in Air Magic
 15778 | D:10     | Reached skill level 5 in Earth Magic
 15778 | D:10     | Reached skill level 5 in Poison Magic
 16298 | D:11     | Found a staircase to the Lair.
 16391 | D:11     | Noticed a seven-headed hydra
 16401 | D:11     | Killed a seven-headed hydra
 16480 | D:11     | Noticed a centaur warrior
 16563 | D:11     | Killed a centaur warrior
 17608 | D:11     | Found a staircase to the Orcish Mines.
 17877 | D:12     | Noticed a six-headed hydra
 17885 | D:12     | Killed a six-headed hydra
 17886 | D:12     | Reached XP level 12. HP: 90/96 MP: 22/22
 18042 | D:12     | Noticed a two-headed ogre
 18064 | D:12     | Killed a two-headed ogre
 18173 | Lair:1   | Entered Level 1 of the Lair of Beasts
 18405 | Lair:1   | Reached skill level 12 in Stealth
 18597 | Lair:1   | Reached skill level 10 in Fighting
 18920 | Lair:1   | Identified the +12 hand axe of Propriety {vorpal, rF+ rC-
                  | rCorr}
 19482 | Lair:2   | Noticed a six-headed hydra
 19491 | Lair:2   | Killed a six-headed hydra
 20022 | Lair:2   | Reached XP level 13. HP: 103/103 MP: 24/24
 20702 | Lair:3   | Found a staircase to the Swamp.
 21176 | Lair:3   | Found an ancient bone altar of Kikubaaqudgha.
 21826 | Lair:4   | Found a staircase to the Snake Pit.
 22012 | Lair:4   | Found a frozen archway.
 22043 | IceCv    | Entered an ice cave
 22071 | IceCv    | Found a transporter.
 22124 | IceCv    | Found a transporter.
 22606 | Lair:4   | Reached skill level 10 in Axes
 22606 | Lair:4   | Reached skill level 10 in Dodging
 22618 | Lair:4   | Reached XP level 14. HP: 112/113 MP: 26/26
 23174 | Lair:5   | Found a staircase to the Slime Pits.
 23174 | Lair:5   | Found a viscous altar of Jiyva.
 23199 | Lair:5   | Reached skill level 13 in Stealth
 23529 | Lair:5   | Reached skill level 10 in Invocations
 23866 | Lair:5   | Learned a level 4 spell: Olgreb's Toxic Radiance
 23871 | Lair:5   | Learned a level 4 spell: Summon Ice Beast
 24644 | Lair:5   | HP: 2/113 [death yak (18)]
 25103 | Lair:6   | Entered Level 6 of the Lair of Beasts
 27314 | Lair:6   | Reached XP level 15. HP: 108/120 MP: 28/28
 27334 | Lair:6   | Identified the +12 flail of Eternal War {vorpal, Fragile
                  | rElec rPois Str+2}
 27995 | Lair:6   | Reached skill level 10 in Short Blades
 27995 | Lair:6   | Reached skill level 10 in Long Blades
 27995 | Lair:6   | Reached skill level 10 in Maces & Flails
 27995 | Lair:6   | Reached skill level 10 in Polearms
 27995 | Lair:6   | Reached skill level 10 in Staves
 27995 | Lair:6   | Reached skill level 10 in Slings
 27995 | Lair:6   | Reached skill level 10 in Bows
 27995 | Lair:6   | Reached skill level 10 in Crossbows
 27995 | Lair:6   | Reached skill level 10 in Throwing
 27995 | Lair:6   | Reached skill level 10 in Armour
 27995 | Lair:6   | Reached skill level 10 in Shields
 27995 | Lair:6   | Reached skill level 10 in Unarmed Combat
 27995 | Lair:6   | Reached skill level 10 in Spellcasting
 27995 | Lair:6   | Reached skill level 10 in Evocations
 29120 | D:12     | Found a runed translucent door.
 29339 | D:12     | Found a runed translucent door.
 29365 | D:12     | Found a runed translucent door.
 29517 | D:13     | Noticed Urug
 29528 | D:13     | Killed Urug
 29884 | D:13     | Found a gate to the Vaults.
 30707 | D:14     | Reached skill level 14 in Stealth
 30775 | D:14     | Reached XP level 16. HP: 75/128 MP: 18/30
 31745 | D:14     | Identified the +1 robe of the Tuna {Fly Will+}
 31865 | D:14     | Identified the +8 flail of Wogiefer {vorpal, Dex+2 Stlth+}
 32855 | D:15     | Entered Level 15 of the Dungeon
 33553 | Orc:1    | Entered Level 1 of the Orcish Mines
 33906 | Orc:1    | Found Laqent's Magic Scroll Shop.
 33909 | Orc:1    | Bought a scroll of enchant weapon for 105 gold pieces
 34236 | Orc:2    | Entered Level 2 of the Orcish Mines
 35412 | Orc:2    | Found a staircase to the Elven Halls.
 36717 | Orc:2    | Found Egod's Magic Scroll Shoppe.
 36717 | Orc:2    | Found Waevukk's Book Shop.
 36719 | Orc:2    | Found Wiumec's Weapon Shoppe.
 36719 | Orc:2    | Found Gisaugaf's Magic Scroll Shop.
 36732 | Orc:2    | Bought a scroll of enchant weapon for 120 gold pieces
 36732 | Orc:2    | Bought a scroll of enchant armour for 120 gold pieces
 36739 | Orc:2    | Bought a scroll of enchant weapon for 82 gold pieces
 36739 | Orc:2    | Bought a scroll of enchant weapon for 82 gold pieces
 37079 | D:15     | Cast into level 2 of the Abyss (a wizard)
 37083 | D:15     | Escaped the Abyss
 37453 | D:15     | Found a staircase to the Depths.
 37661 | Snake:1  | Entered Level 1 of the Snake Pit
 37859 | Snake:1  | Learned a level 4 spell: Petrify
 37865 | Snake:1  | Learned a level 5 spell: Irradiate
 40628 | Snake:2  | Reached XP level 17. HP: 109/136 MP: 32/32
 41278 | Snake:2  | Noticed Aizul
 41297 | Snake:2  | Killed Aizul
 41728 | Snake:2  | HP: 7/204 [salamander/+0 trident (10)]
 41731 | Snake:2  | Slain by a naga

Illustrated notes

Levels and vault maps discovered:
D:1:      minmay_arrival_four_houses, layout_loops_cross
D:2:      layout_basic, ebering_ecumenical_altar_sacrificial, st_stairs_6,
          corexii_hall_statues_deadend, uniq_terence
D:3:      layout_basic, nzn_overflow_gifts_of_might_and_magic, serial_bayou,
          serial_bayou_lagoon_a, serial_bayou_crossing, serial_bayou_lake_a,
          serial_bayou_pond_b, kennysheep_generic_room_11
D:4:      layout_gridville, nemelex_diamond_rough_becter, portal_sewer_entry_d,
          serial_rivers, chequers_serial_rivers_room_a,
          chequers_serial_rivers_micro_e, chequers_serial_rivers_small_a,
          chequers_serial_rivers_room_b, uniq_edmund, uniq_robin
D:5:      layout_basic, minmay_misc_feat_hallway
D:6:      layout_basic, nicolae_dithmenos_through_a_glass_darkly, minivault_14
D:7:      minmay_inner_zag, layout_rooms, minmay_temple_entry_purple_smoke
D:8:      layout_loops_cross, lemuel_coloured_pillars_altar, enter_bailey_7,
          special_room [special_room_orc]
D:9:      layout_stronghold, mainiacjoe_overflow_alcove_1
D:10:     layout_roguey
D:11:     layout_long_grid, david_lair_shrubbed, erik_orc_1
D:12:     layout_rooms, mikee_hates_you
D:13:     layout_stronghold, erik_vaults_2, uniq_urug
D:14:     minmay_the_grid_3x2 [minmay_the_grid_plusring,
          minmay_the_grid_minigrid_small, minmay_the_grid_box_x,
          minmay_the_grid_spin_star, minmay_the_grid_armoury,
          minmay_the_grid_prize_four_corners_diamond_a], layout_loops_ring,
          special_room [special_room_bee], serial_bayou, serial_bayou_pond_c,
          serial_bayou_lagoon_b, serial_bayou_pond_d, serial_bayou_pond_c
D:15:     hangedman_depths_entry_civil_slaughter, layout_loops_ring,
          cheibrodos_worm_habitat
Temple:   nicolae_temple_elliptical
Lair:1:   layout_regular_city
Lair:2:   layout_chaotic_city
Lair:3:   layout_chaotic_city, minmay_swamp_entry_swarm, basic_altar
Lair:4:   layout_cave_pods, guppyfry_snake_entry_island,
          portal_ice_cave_entry_imps
Lair:5:   layout_regular_city, slime_altar_1, minmay_holes,
          grunt_forest_small_clearings
Lair:6:   evilmike_catoblepas_cave, layout_long_grid,
          chequers_serial_rivers_micro_b, minmay_lair_drake_nest
Snake:1:  layout_chambers, nicolae_snake_gridmaze_entwining
Snake:2:  layout_misc_corridors, uniq_aizul
Orc:1:    layout_diamond_mine, serial_shops, nicolae_shop_behind_doors
Orc:2:    grunt_orc_tribal_feast, layout_diamond_mine, basic_altar,
          nicolae_volcano_entry_vermiform

Skill      XL: |  1  2  3  4  5  6  7  8  9 10 11 12 13 14 15 16 |
---------------+-------------------------------------------------+-----
Stealth        | 10 11 12 13 14 | 14.6
Invocations    | 1 2 3 4 5 6 7 8 9 10 11 12 | 12.4
Short Blades   | 1 2 3 4 5 6 7 8 9 10 11 | 11.4
Long Blades    | 1 2 3 4 5 6 7 8 9 10 11 | 11.4
Maces & Flails | 1 2 3 4 5 6 7 8 9 10 11 | 11.4
Polearms       | 1 2 3 4 5 6 7 8 9 10 11 | 11.4
Staves         | 1 2 3 4 5 6 7 8 9 10 11 | 11.4
Slings         | 1 2 3 4 5 6 7 8 9 10 11 | 11.4
Bows           | 1 2 3 4 5 6 7 8 9 10 11 | 11.4
Crossbows      | 1 2 3 4 5 6 7 8 9 10 11 | 11.4
Throwing       | 1 2 3 4 5 6 7 8 9 10 11 | 11.4
Armour         | 1 2 3 4 5 6 7 8 9 10 11 | 11.4
Shields        | 1 2 3 4 5 6 7 8 9 10 11 | 11.4
Unarmed Combat | 1 2 3 4 5 6 7 8 9 10 11 | 11.4
Spellcasting   | 1 2 3 4 5 6 7 8 9 10 11 | 11.4
Evocations     | 1 2 3 4 5 6 7 8 9 10 11 | 11.4
Conjurations   | 1 2 3 4 5 6 7 8 9 |  9.6
Hexes          | 1 2 3 4 5 6 7 8 9 |  9.6
Summonings     | 1 2 3 4 5 6 7 8 9 |  9.6
Necromancy     | 1 2 3 4 5 6 7 8 9 |  9.6
Translocations | 1 2 3 4 5 6 7 8 9 |  9.6
Transmutations | 1 2 3 4 5 6 7 8 9 |  9.6
Fire Magic     | 1 2 3 4 5 6 7 8 9 |  9.6
Ice Magic      | 1 2 3 4 5 6 7 8 9 |  9.6
Air Magic      | 1 2 3 4 5 6 7 8 9 |  9.6
Earth Magic    | 1 2 3 4 5 6 7 8 9 |  9.6
Poison Magic   | 1 2 3 4 5 6 7 8 9 |  9.6
Axes           | 5 6 7 8 9 10 11 12 | 12.3
Dodging        | 5 6 7 8 9 10 11 12 | 12.3
Fighting       | 7 8 9 10 11 12 13 | 13.0

Action                   |  1- 3 |  4- 6 |  7- 9 | 10-12 | 13-15 | 16-18 || total
-------------------------+-------+-------+-------+-------+-------+-------++-------
Melee: Hand axe          |    98 |   143 |   103 |       |       |       ||   344
       Bite              |     5 |    24 |    28 |    65 |   165 |   101 ||   388
       Punch             |     1 |     4 |     5 |       |       |    21 ||    31
       Short sword       |       |    59 |     4 |       |       |       ||    63
       Dire flail        |       |       |    40 |       |       |       ||    40
       Battleaxe         |       |       |    80 |   279 |    39 |   305 ||   703
       Pair of quick bla |       |       |       |   333 |   885 |     9 ||  1227
       Rapier            |       |       |       |       |     2 |   260 ||   262
Throw: Dart              |     2 |       |    53 |       |     1 |       ||    56
       Stone             |     1 |       |     1 |       |       |       ||     2
       Boomerang         |       |       |    30 |       |       |     3 ||    33
 Cast: Frozen Ramparts   |       |     1 |       |       |    15 |    18 ||    34
       Olgreb's Toxic Ra |       |       |       |       |    23 |    17 ||    40
       Summon Ice Beast  |       |       |       |       |    12 |    11 ||    23
       Petrify           |       |       |       |       |       |    47 ||    47
       Irradiate         |       |       |       |       |       |     1 ||     1
Invok: Bribe Branch      |       |       |       |       |       |     1 ||     1
Evoke: Wand              |       |     4 |     6 |    11 |     2 |     7 ||    30
  Use: Scroll            |     9 |     3 |     6 |     6 |    12 |     9 ||    45
       Potion            |       |     6 |     4 |     2 |     2 |     3 ||    17
 Stab: Sleeping          |    15 |     7 |       |       |     8 |     8 ||    38
       Invisible         |       |     1 |     3 |       |       |       ||     4
       Distracted        |       |     1 |       |     4 |     8 |     7 ||    20
       Paralysed         |       |       |       |     4 |     1 |       ||     5
       Petrified         |       |       |       |       |       |    28 ||    28
       Petrifying        |       |       |       |       |       |     6 ||     6
Armor: Leather armour    |    26 |    35 |       |       |       |       ||    61
       Chain mail        |       |    23 |   114 |       |       |       ||   137
       Plate armour      |       |       |    32 |   242 |    47 |     1 ||   322
       Ice dragon scales |       |       |       |       |   247 |   214 ||   461
Dodge: Dodged            |    74 |   121 |    99 |   295 |   286 |   360 ||  1235
       Repelled          |       |       |       |     2 |     7 |    19 ||    28
Block: Other             |       |       |       |       |    52 |   142 ||   194
       Reflection        |       |       |       |       |     4 |    10 ||    14

Table legend: (Time is in decaauts)
 A = Elapsed time spent in this place.
 B = Non-inter-level travel time spent in this place.
 C = Inter-level travel time spent in this place.
 D = Time resting spent in this place.
 E = Time spent auto-exploring this place.
 F = Levels seen in this place.
 G = Mean time per level.
                   A        B        C        D        E       F      G
               +--------+--------+--------+--------+--------+-----+--------+
         Total |  41101 |  39500 |   1601 |  11613 |  19308 |  29 | 1417.3 |
       Dungeon |  22822 |  21837 |    985 |   5908 |  11162 |  15 | 1521.5 |
        Temple |    159 |    136 |     23 |      0 |    115 |   1 |  159.0 |
          Lair |   9686 |   9218 |    468 |   2231 |   4875 |   6 | 1614.3 |
     Snake Pit |   4085 |   4053 |     32 |   1298 |   2216 |   2 | 2042.5 |
  Orcish Mines |   3288 |   3197 |     91 |   1475 |    882 |   2 | 1644.0 |
         Abyss |      3 |      3 |      0 |      0 |      0 |   1 |    3.0 |
        Bailey |    800 |    800 |      0 |    576 |     57 |   1 |  800.0 |
      Ice Cave |    255 |    255 |      0 |    125 |      0 |   1 |  255.0 |
               +--------+--------+--------+--------+--------+-----+--------+

Top non-repeatable levels by time:
    D:14: 3130 daAuts
  Lair:5: 3123 daAuts
 Snake:1: 2862 daAuts
     D:3: 2338 daAuts
    D:11: 2242 daAuts
     D:8: 2178 daAuts
   Orc:1: 1865 daAuts
  Lair:4: 1849 daAuts
     D:4: 1776 daAuts
     D:5: 1752 daAuts
     D:2: 1715 daAuts
     D:7: 1645 daAuts
     D:9: 1499 daAuts
   Orc:2: 1423 daAuts
  Lair:6: 1299 daAuts
